AoeStats
← Istota Zbita

Arena

506408544Analyzed
1v1 RM · 20d ago on Sep 13, 2026· 77m 44s· 2 players
Game mode
Random Map
Map size
Tiny (2 player)
Population
200
Speed
Normal
Resources
Standard
Victory
Conquest
Starting age
Dark Age
Ending age
Imperial Age
RankedLock teamsTeams togetherTeam positionsShared explorationLock speedFull tech treeHidden civsTurbo modeCheats
Victory
Defeat
🇲🇰 Portuguese · North Macedonia
810
+15
🇵🇱 Burgundians · Poland
795
-35
Istota Zbita
10:29 Feudal Age
8:45 Loom
9:29 Double-Bit Axe
11:35 Wheelbarrow
12:51 Bow Saw
13:40 Horse Collar
15:27 Heavy Plow
18:59 Castle Age
19:34 Forging
21:42 Hand Cart
21:51 Town Watch
24:04 Two-Man Saw
24:19 Crop Rotation
25:15 Town Patrol
29:55 Cavalier
31:14 Gold Mining
31:40 Scale Barding Armor
31:56 Stone Mining
32:29 Fervor
32:16 Man-at-Arms
33:08 Long Swordsman
33:32 Treadmill Crane
35:07 Scale Mail Armor
35:43 Iron Casting
41:59 Imperial Age
40:24 Gold Shaft Mining
39:57 Husbandry
41:26 Chain Mail Armor
41:41 Devotion
42:39 Two-Handed Swordsman
42:58 Paladin
43:52 Burgundian Vineyards
44:51 Squires
46:05 Blast Furnace
44:48 Capped Ram
45:01 Champion
50:40 Murder Holes
51:25 Conscription
59:01 Hoardings
58:42 Light Cavalry
64:10 Plate Mail Armor
64:02 Chain Barding Armor
72:13 Fortified Wall
72:17 Pikeman
74:47 Halberdier
mladiot_starec
0:27 Loom
9:57 Feudal Age
16:19 Castle Age
30:12 Pikeman
33:24 Imperial Age
31:49 Scale Mail Armor
32:00 Forging
35:35 Halberdier
37:16 Chain Mail Armor
37:38 Iron Casting
39:13 Chemistry
41:07 Elite Organ Gun
44:40 Arquebus
45:01 Conscription
Connection lost

Rejoining the realm…

Still unreachable

The connection could not be restored.

Session expired

The server has moved on; the page needs a fresh start.